Map: Proxima Station LE

Players

Snute - Winner!

  • Race: Zerg Zerg
  • Spawn Location: 7:00

ByuN

  • Race: Terran Terran
  • Spawn Location: 1:00

Event: IEM XI Katowice - World Championship 2017

VOD

https://www.youtube.com/watch?v=UAmsBomsmXM

Description

Time

  • Played on: March 1, 2017, 11:03 p.m.
  • Length: 21:39

All games in this series

Show
View Real Time Build Order
Export as new Build Order

Snute Zerg - Winner!

Build Orders: Hatch First 

Get SALT Encoding   

  12  0:00  Drone  
  13  0:12  Overlord  
  13  0:17  Drone  
  14  0:30  Drone x2  
  14  0:34  Drone  
  17  0:52  Hatchery  
  17  0:55  Drone  
  17  1:08  Spawning Pool  
  16  1:12  Drone  
  16  1:15  Drone  
  16  1:18  Drone  
  19  1:38  Hatchery  
  18  1:41  Drone  
  19  1:54  Queen  
  21  2:03  Queen  
  21  2:04  Zergling x2  
  24  2:09  Overlord  
  24  2:12  Zergling x2  
  24  2:15  Zergling x2  
  26  2:19  Drone  
  26  2:20  Drone  
  28  2:28  Spine Crawler  
  28  2:29  Extractor  
  26  2:35  Extractor  
  26  2:40  Queen  
  26  2:44  Drone x2  
  29  2:50  Queen  
  30  2:58  Drone x2  
  32  2:59  Drone  
  33  3:11  Drone x4  
  36  3:17  Overlord  
  36  3:22  Drone x2  
  36  3:23  Drone  
  39  3:27  Drone x2  
  39  3:32  Overlord  
  41  3:39  Drone x2  
  43  3:44  Queen  
  45  3:53  Spine Crawler  
  45  3:54  Queen  
  44  3:58  Zergling x4  
  44  4:00  Drone x3  
  44  4:01  Drone  
  47  4:02  Drone  
  47  4:04  Zergling x2  
  45  4:10  Drone x2  
  45  4:14  Drone x2  
  45  4:15  Drone  
  48  4:18  Drone  
  46  4:25  Drone x3  
  46  4:27  Drone  
  46  4:28  Drone  
  46  4:29  Drone  
  50  4:34  Overlord  
  50  4:35  Drone  
  50  4:37  Extractor, Drone  
  50  4:38  Extractor  
  50  4:40  Drone  
  50  4:41  Drone  
  50  4:43  Drone x2  
  54  4:46  Overlord  
  54  4:50  Drone x2  
  56  4:56  Drone x2  
  57  5:00  Drone  
  57  5:01  Drone x3  
  57  5:04  Queen  
  57  5:05  Queen  
  65  5:08  Drone x2  
  65  5:11  Overlord  
  65  5:13  Drone x3  
  70  5:15  Drone  
  70  5:21  Roach Warren, Evolution Chamber  
  70  5:22  Drone x2  
  70  5:26  Evolution Chamber, Drone  
  71  5:29  Extractor, Drone  
  71  5:33  Drone  
  71  5:34  Drone x2  
  71  5:35  Drone  
  75  5:36  Overlord  
  75  5:39  Extractor  
  75  5:40  Extractor, Drone  
  75  5:42  Extractor  
  73  5:45  Drone x2  
  73  5:47  Overlord  
  73  5:48  Overlord  
  73  5:49  Zerg Ground Armor Level 1  
  75  5:52  Overlord  
  75  5:53  Zerg Missile Weapons Level 1  
  75  5:56  Overlord  
  75  6:02  Roach x2  
  79  6:05  Roach  
  79  6:06  Roach  
  79  6:09  Roach x2  
  87  6:13  Roach x3  
  87  6:16  Roach x2  
  87  6:18  Roach  
  99  6:20  Roach  
  99  6:21  Roach  
  103  6:26  Roach x2  
  103  6:27  Roach  
  103  6:32  Lair  
  109  6:34  Roach  
  109  6:35  Roach  
  109  6:36  Overlord  
  109  6:38  Overlord x2  
  105  6:48  Roach  
  105  6:53  Overlord  
  105  6:54  Drone  
  105  6:56  Drone x3  
  105  7:01  Metabolic Boost  
  109  7:10  Hatchery  
  109  7:11  Queen x2  
  112  7:16  Roach x4  
  112  7:17  Roach  
  112  7:18  Overlord  
  112  7:19  Roach x3  
  128  7:24  Roach x2  
  132  7:31  Glial Reconstitution  
  132  7:35  Drone x2  
  132  7:36  Infestation Pit  
  133  7:38  Ravager  
  133  7:39  Ravager x2  
  136  7:44  Zerg Ground Armor Level 2  
  136  7:46  Queen  
  136  7:47  Zerg Melee Weapons Level 1  
  138  7:52  Overlord  
  131  8:12  Zergling x14  
  138  8:13  Zergling x18  
  138  8:15  Hive, Overlord  
  144  8:31  Queen  
  144  8:32  Queen  
  144  8:33  Infestor x3  
  154  8:38  Infestor  
  154  8:40  Hatchery  
  153  8:50  Zergling x16  
  153  8:54  Spore Crawler  
  153  8:55  Spore Crawler  
  159  8:58  Ravager  
  159  8:59  Ravager x2  
  159  9:00  Overlord x2  
  162  9:08  Burrow  
  161  9:17  Spore Crawler, Queen  
  161  9:19  Spore Crawler  
  161  9:20  Drone x2  
  163  9:26  Roach x7  
  163  9:31  Ultralisk Cavern  
  160  9:41  Extractor  
  160  9:42  Overlord x2  
  160  9:43  Extractor  
  160  9:45  Zerg Melee Weapons Level 2  
  158  9:46  Zergling x12  
  158  9:47  Adrenal Glands  
  158  9:51  Ravager  
  158  9:52  Ravager  
  166  10:04  Roach x11  
  166  10:05  Roach  
  190  10:13  Roach x2  
  190  10:15  Ravager  
  190  10:16  Ravager  
  181  10:35  Chitinous Plating  
  177  10:37  Ultralisk  
  177  10:39  Zergling x2  
  177  10:40  Zergling x28  
  177  10:41  Overseer  
  160  10:57  Ultralisk  
  160  10:59  Zergling x16  
  160  11:01  Queen x2  
  178  11:09  Spore Crawler  
  183  11:11  Ultralisk x2  
  171  11:20  Pneumatized Carapace  
  171  11:23  Drone x3  
  172  11:32  Drone x6  
  174  11:38  Drone x4  
  178  11:40  Zerg Ground Armor Level 3  
  178  11:52  Ultralisk x2  
  190  11:58  Ravager  
  148  12:18  Ultralisk x2  
  160  12:23  Zergling x24  
  160  12:24  Zergling x2  
  173  12:44  Hatchery  
  172  12:47  Ravager  
  172  12:48  Zerg Melee Weapons Level 3  
  172  12:50  Ultralisk  
  176  13:00  Drone  
  176  13:02  Ravager x4  
  176  13:03  Ravager x2  
  183  13:08  Pathogen Glands  
  184  13:12  Zergling x2  
  184  13:13  Zergling x16  
  158  13:35  Ultralisk x2  
  158  13:36  Zergling x4  
  158  13:37  Zergling x8  
  176  13:44  Infestor x2  
  172  13:55  Infestor  
  174  13:58  Overlord, Drone x2  
  174  13:59  Drone x2  
  178  14:09  Ultralisk x2  
  190  14:15  Overlord x2  
  190  14:17  Zerg Missile Weapons Level 2  
  172  14:35  Zergling x30  
  172  14:36  Zergling x2  
  173  14:57  Ultralisk x2  
  177  15:03  Drone x2  
  177  15:04  Drone x2  
  176  15:11  Ultralisk  
  176  15:12  Ultralisk x2  
  176  15:13  Zergling x10  
  176  15:35  Ultralisk  
  176  15:36  Ultralisk  
  180  15:48  Ultralisk x2  
  192  15:50  Infestor  
  192  16:00  Hatchery  
  192  16:01  Infestor  
  192  16:02  Infestor  
  150  16:15  Ultralisk x2  
  156  16:23  Roach x5  
  167  16:25  Drone x2  
  168  16:36  Zergling x6  
  168  16:37  Ultralisk, Zergling x12  
  183  17:02  Zergling x12  
  183  17:03  Zergling x4  
  196  17:08  Ultralisk  
  196  17:19  Ravager x4  
  200  17:32  Baneling Nest  
  199  17:41  Spore Crawler  
  199  17:42  Ravager  
  179  18:06  Infestor x3  
  179  18:10  Zergling x6  
  179  18:11  Zergling x8  
  190  18:16  Centrifical Hooks  
  190  18:30  Ultralisk  
  190  18:47  Extractor  
  189  18:49  Hatchery, Extractor  
  184  19:16  Spire  
  178  19:40  Zergling x18  
  178  19:41  Zergling x8  
  178  19:44  Baneling  
  178  19:45  Baneling x6  
  191  19:46  Zergling x16  
  199  20:04  Hatchery  
  183  20:15  Hatchery  
  177  20:24  Ultralisk x3  
  177  20:25  Zergling x6  
  177  20:26  Zergling x2  
  181  20:51  Ultralisk  
  181  20:52  Zergling x12  
  181  20:53  Zergling x12  
  154  21:13  Zergling x8  
  154  21:14  Zergling x2  
Show
View Real Time Build Order
Export as new Build Order

ByuN Terran 

Build Orders: MMM Bio 

Get SALT Encoding   

  12  0:01  SCV  
  13  0:13  SCV  
  14  0:18  Supply Depot  
  14  0:25  SCV  
  15  0:40  SCV  
  15  0:41  Barracks  
  16  0:44  Refinery  
  16  0:52  SCV  
  17  0:59  Barracks  
  17  1:05  SCV  
  18  1:17  SCV  
  19  1:21  Barracks  
  19  1:28  Reaper  
  20  1:38  Orbital Command  
  20  1:43  Refinery  
  20  1:47  Reaper  
  21  1:55  Supply Depot  
  21  2:03  Reaper, SCV  
  23  2:17  Reaper, SCV  
  25  2:24  Reaper  
  25  2:25  Supply Depot  
  26  2:32  SCV  
  26  2:35  Reaper  
  28  2:44  SCV  
  28  2:50  Reaper  
  30  2:56  Reaper  
  31  2:59  Command Center  
  31  3:04  SCV  
  32  3:16  SCV  
  33  3:32  SCV  
  34  3:35  Command Center  
  34  3:40  Barracks Tech Lab, Barracks Reactor x2  
  34  3:45  SCV  
  33  3:58  SCV  
  32  4:03  Marine  
  32  4:04  Stimpack  
  32  4:10  SCV  
  32  4:13  Orbital Command  
  32  4:16  Marine  
  34  4:19  Factory  
  34  4:23  SCV  
  34  4:24  Marine x3  
  35  4:27  Marine  
  40  4:38  Marine  
  40  4:40  SCV  
  40  4:41  Marine, SCV  
  40  4:42  Marine x2  
  40  4:44  Marine  
  46  4:52  Orbital Command  
  47  4:54  SCV x2  
  48  5:02  Starport, Factory Reactor  
  48  5:06  SCV  
  48  5:07  SCV  
  50  5:09  Marine x4  
  50  5:10  Marine  
  55  5:18  SCV  
  55  5:19  SCV x2  
  58  5:24  Engineering Bay  
  58  5:26  Engineering Bay  
  58  5:31  SCV x3  
  58  5:33  Refinery  
  58  5:35  Refinery  
  61  5:41  Supply Depot  
  61  5:43  SCV x3  
  61  5:47  Medivac x2  
  61  5:48  Factory Reactor  
  68  5:52  Terran Infantry Armor Level 1, Terran Infantry Weapons Level 1  
  68  6:01  Supply Depot  
  68  6:02  Marine x3  
  72  6:04  Marine x2  
  72  6:09  SCV x2, Orbital Command  
  72  6:10  Supply Depot  
  75  6:12  Supply Depot  
  75  6:13  Combat Shields  
  75  6:21  SCV x2  
  75  6:23  Marine x5  
  75  6:24  Widow Mine  
  84  6:31  Widow Mine  
  86  6:33  SCV x2  
  86  6:35  Armory  
  86  6:37  Medivac  
  86  6:39  SCV  
  91  6:44  Supply Depot  
  91  6:45  SCV x2  
  88  6:49  Marine x3  
  88  6:50  Marine x2  
  88  6:51  SCV  
  91  6:57  SCV  
  91  6:58  SCV  
  91  7:00  Barracks  
  93  7:03  SCV  
  93  7:07  Factory Tech Lab, Barracks  
  94  7:09  SCV  
  94  7:10  Marine x5, SCV  
  101  7:15  SCV  
  101  7:16  Medivac x2  
  101  7:21  SCV  
  101  7:22  SCV  
  108  7:23  Supply Depot  
  108  7:25  Supply Depot  
  108  7:27  SCV  
  109  7:30  Terran Vehicle Weapons Level 1  
  109  7:32  Siege Tank  
  109  7:34  Marine  
  109  7:35  Marine x3  
  109  7:36  Marine, Supply Depot  
  117  7:38  Refinery  
  117  7:40  Missile Turret  
  117  7:45  SCV  
  117  7:46  SCV x2  
  117  7:48  Supply Depot  
  117  7:50  Liberator  
  120  7:55  Marine  
  120  7:56  Marine x5  
  127  8:03  Barracks Reactor  
  127  8:04  Marine, Siege Tank  
  130  8:06  SCV x3  
  130  8:08  Refinery  
  136  8:13  Marine x3  
  136  8:14  Marine x2  
  136  8:17  Supply Depot  
  136  8:19  Marine  
  141  8:23  Supply Depot, Marauder  
  142  8:28  Terran Infantry Weapons Level 2  
  142  8:29  Terran Infantry Armor Level 2  
  142  8:31  Marine x4  
  142  8:32  Marine  
  147  8:39  Marine x3  
  150  8:44  Marine  
  147  8:49  Marine x5  
  147  8:50  Medivac x2  
  147  8:54  Supply Depot  
  156  8:56  Supply Depot  
  156  8:58  Marine  
  156  8:59  Siege Tank  
  156  9:01  Marine  
  156  9:02  Marine x2  
  163  9:07  Marine x2  
  164  9:10  Command Center  
  163  9:20  Supply Depot, Medivac x2  
  167  9:25  Marine x3  
  167  9:26  Marine x4  
  167  9:27  Marauder, Barracks x2  
  167  9:28  Barracks  
  165  9:39  Marine  
  165  9:43  Marine x4  
  165  9:44  Marine x2  
  165  9:45  Siege Tank  
  174  9:47  Marine x2  
  176  9:56  Marine  
  177  10:01  Marine x4  
  177  10:06  Missile Turret, Marauder  
  181  10:08  Marine  
  181  10:09  Marine x2  
  180  10:14  Marine  
  180  10:16  Marine x2  
  180  10:17  Marine  
  180  10:19  Marine x4  
  185  10:23  Siege Tank  
  185  10:26  Marine  
  185  10:27  Marine, Marauder  
  187  10:31  Marine  
  187  10:32  Marine  
  176  10:36  Marine  
  176  10:37  Marine x3  
  176  10:38  Barracks Tech Lab, Barracks Reactor  
  176  10:39  Barracks Tech Lab  
  164  10:45  Marine  
  164  10:49  Marauder  
  139  10:50  Marine  
  139  10:53  Marine  
  139  10:54  Marine  
  139  10:55  Siege Tank  
  130  11:03  Marauder x2  
  130  11:04  Marine  
  132  11:05  Terran Infantry Armor Level 3  
  132  11:07  Terran Infantry Weapons Level 3  
  132  11:10  Marine x5, Marauder  
  139  11:13  Marine  
  139  11:15  Marine  
  139  11:17  Liberator x2  
  131  11:19  Marine x2  
  131  11:21  Marine  
  131  11:24  Marine x2  
  135  11:27  Siege Tank  
  135  11:28  Marine  
  135  11:31  Marauder  
  135  11:36  Planetary Fortress  
  135  11:39  Marine x3  
  138  11:48  Concussive Shells  
  138  11:53  Marine x6  
  144  11:54  Marine  
  144  11:55  Marauder x2  
  141  12:09  Marine  
  141  12:10  Marine  
  141  12:11  Marine  
  130  12:15  Marine  
  130  12:16  Marine  
  130  12:17  Marine, Medivac x2  
  130  12:18  Marine x2  
  130  12:20  Marine  
  134  12:24  Marine  
  136  12:37  Siege Tank  
  136  12:38  Marine x7  
  136  12:41  Marauder x3  
  149  12:44  Marine x2  
  149  12:47  Medivac x2  
  155  12:52  Missile Turret  
  155  12:58  Missile Turret  
  155  13:00  Liberator x2, Missile Turret  
  155  13:01  Marine x6  
  155  13:02  Marauder  
  163  13:08  Sensor Tower  
  163  13:09  Siege Tank  
  166  13:15  Missile Turret  
  166  13:16  Marauder x2  
  166  13:18  Marine x4  
  166  13:19  Missile Turret  
  180  13:21  Marine  
  180  13:22  Marine  
  180  13:24  Marine x2, Marauder  
  164  13:27  Marine  
  164  13:28  Marine  
  144  13:35  Marine  
  144  13:36  Marine x2  
  144  13:37  Marauder  
  144  13:38  Marauder  
  151  13:43  Liberator x2  
  150  13:58  Siege Tank  
  159  14:13  Marine x7  
  159  14:14  Marine x2  
  159  14:15  Marauder  
  159  14:16  Marauder  
  172  14:19  Terran Ship Weapons Level 1  
  172  14:28  Marine, Marauder  
  172  14:30  Marine  
  160  14:33  Marine  
  160  14:37  Marauder  
  160  14:38  Marauder  
  164  14:40  Marine  
  164  14:41  Marine x5  
  164  14:43  Marine, Medivac x2  
  175  14:47  Siege Tank  
  175  14:50  Marauder  
  180  14:55  Liberator x2  
  165  15:13  Marine x6  
  165  15:14  Marine x2  
  167  15:15  Marine x2  
  167  15:17  Marauder x2  
  175  15:26  Marauder  
  162  15:31  Marine x2  
  162  15:33  Marine x2  
  154  15:37  Marine x2  
  154  15:38  Marauder x2  
  154  15:39  Marine x2  
  154  15:40  Orbital Command  
  154  15:41  Siege Tank  
  154  15:42  Marine x2  
  167  15:47  Marauder  
  168  15:59  Marine x2  
  168  16:00  Marauder  
  168  16:02  Marine x2  
  151  16:04  Marauder  
  151  16:09  Marauder  
  132  16:11  Marine x2  
  132  16:15  Marine x2  
  112  16:21  Marauder, Medivac x2  
  112  16:23  Siege Tank  
  112  16:25  Marine x3  
  118  16:26  Marauder  
  118  16:29  Marine x2  
  118  16:30  Marine, Marauder  
  125  16:35  Marine  
  125  16:36  Marine x2  
  125  16:39  Liberator x2  
  128  16:41  Marine  
  128  16:42  Marine, Marauder  
  128  16:43  Marine  
  128  16:44  Marine  
  134  16:53  Marauder x2  
  138  16:55  Siege Tank  
  138  16:59  Marine x2  
  149  17:04  Marauder  
  149  17:05  Missile Turret  
  149  17:07  Sensor Tower, Refinery x2  
  151  17:14  Marine x4, Marauder x2  
  159  17:20  Marine  
  159  17:22  Liberator  
  160  17:25  Marauder  
  162  17:31  Marine  
  162  17:32  Marine  
  162  17:33  Marine x2  
  166  17:38  Liberator  
  166  17:39  Marine x2  
  166  17:42  Siege Tank  
  175  18:04  Liberator  
  175  18:07  Marine  
  175  18:08  Marine  
  177  18:19  Refinery  
  177  18:21  Liberator  
  180  18:27  Missile Turret  
  180  18:28  Command Center  
  183  18:51  Marauder  
  183  18:52  Marauder x2  
  189  18:56  Supply Depot  
  189  18:57  Supply Depot  
  182  19:04  Medivac  
  184  19:21  Medivac  
  184  19:37  Marauder x3  
  182  19:44  Marine x5  
  187  19:53  Marine  
  187  19:58  Marauder  
  187  19:59  Starport  
  189  20:01  Starport  
  189  20:04  Liberator x2  
  189  20:05  Marine  
  189  20:06  Marine x3  
  190  20:19  Marauder  
  190  20:20  Marauder  
  185  20:28  Orbital Command  
  178  20:37  Marauder  
  178  20:41  Marauder  
  172  20:45  Marauder  
  172  20:47  Marine  
  153  20:54  Marine  
  153  20:57  Marine  
  154  20:58  Marauder  
  154  21:02  Marauder  
  156  21:06  Marine, Marauder  
  156  21:10  Marine  
  136  21:12  Marine  
  136  21:16  Marine  

Tags
 
Add a new tag
Caveats
  • Supply blocks, unpowered buildings, or Contaminate may cause inaccurate times.
  • Supply counts are checked every 10 seconds.